 Dungeon Crawl Stone Soup version 0.31-a0-675-g238779eb0a (webtiles) character file.

Game seed: 2234057358084198486

45 qw the Shooter (level 3, -5/22 HPs)
             Began as a Gargoyle Hunter on Sept 5, 2023.
             Slain by Terence
             ... wielding a +0 flail
              (10 damage)
             ... on level 2 of the Dungeon.
             The game lasted 00:00:24 (887 turns).

qw the Shooter (Gargoyle Hunter)                     Turns: 887, Time: 00:00:25

Health: -5/22      AC:  7    Str: 14    XL:     3   Next: 64%
Magic:  3/3        EV: 11    Int:  9    God:
Gold:   58         SH:  0    Dex: 15    Spells: 2/2 levels left

rFire   . . .        Y - +1 shortbow
rCold   . . .        (shield currently unavailable)
rNeg    + . .        c - +0 leather armour
rPois   inf          (no helmet)
rElec   +            (no cloak)
rCorr   .            (no gloves)
SInv    .            k - +0 pair of boots
Will    .....        (no amulet)
Stlth   ++           (no ring)
HPRegen 0.23/turn    (no ring)
MPRegen 0.08/turn

%: no passive effects
@: no status effects
A: sickness immunity, AC +3, negative energy resistance 1, electricity
resistance, torment resistance 1, petrification resistance
a: no special abilities


You were on level 2 of the Dungeon.
You visited 1 branch of the dungeon, and saw 2 of its levels.

You collected 58 gold pieces.


Innate Abilities, Weirdness & Mutations

You are immune to sickness and miasma.
Your stone body is resilient. (AC +3)
You are immune to poison.
You resist negative energy. (rN+)
You are resistant to electric shocks. (rElec)
You are resistant to unholy torment.
You are immune to petrification.


   Skills:
 + Level 2.8 Fighting
 - Level 5.0 Ranged Weapons
 - Level 1.5 Dodging
 - Level 1.1 Stealth


You had 2 spell levels left.
You didn't know any spells.
Your spell library was empty.

Inventory:

Hand Weapons
 Y - a +1 shortbow (weapon)
Armour
 c - a +0 leather armour (worn)
 f - a +0 helmet
 k - a +0 pair of boots (worn)
Jewellery
 a - a ring of resist corrosion
 b - a ring of resist corrosion
Potions
 d - a potion of haste
 e - a potion of mutation {unknown}
 h - a potion of might {unknown}
 i - a potion of degeneration {unknown}
 j - 2 potions of curing {unknown}

Dungeon Overview and Level Annotations

Branches:
Dungeon (2/15)

Altars:

Annotations:
D:2 Terence


Message History

You shoot an arrow.
The arrow hits the quokka but does no damage.
Terence the Incautious comes into view.
He is wielding a +0 flail.
You shoot an arrow. The arrow hits the quokka.
The quokka is moderately wounded.
Terence says, "Did you write a will?
You should..."
You shoot an arrow.
The arrow hits Terence but does no damage.
Terence shouts, "Now you die!"
You shoot an arrow. The arrow hits Terence!
Terence is moderately wounded.
You shoot an arrow. The arrow hits the quokka.
You kill the quokka!
You shoot an arrow. The arrow hits Terence.
Terence is heavily wounded.
You shoot an arrow.
The arrow hits Terence but does no damage.
Terence is heavily wounded.
Terence hits you with a +0 flail!
You shoot an arrow. The arrow completely misses Terence.
Terence hits you with a +0 flail!
You shoot an arrow.
The arrow hits Terence but does no damage.
Terence is moderately wounded.
A quokka comes into view.
Terence hits you with a +0 flail.
You shoot an arrow.
The arrow hits Terence but does no damage.
Terence is moderately wounded.
Terence hits you but does no damage.
You shoot an arrow. The arrow barely misses Terence.
Terence closely misses you.
A giant cockroach comes into view.
You shoot an arrow. The arrow hits Terence.
Terence is heavily wounded.
Terence closely misses you. Terence barely misses you.
You shoot an arrow. The arrow hits Terence.
Terence is severely wounded.
Terence hits you with a +0 flail!
You die...

......###.####
####### #.#
#.## #..# ##.#
#.# #.#######
#.......#
#######@#
#@..# .r...#
......#
.......#
.....B..+
.........#
..?.......#


You could see Terence, a quokka and a giant cockroach.

Vanquished Creatures
  6 ball pythons
  2 bats (D:1)
  7 endoplasms
  A giant cockroach (D:1)
  2 hobgoblins (D:1)
  4 kobolds (D:1)
  3 quokkas
  5 frilled lizards
  7 goblins
  3 rats (D:1)
40 creatures vanquished.

Notes
Turn   | Place    | Note
-------+----------+-------------------------------------------
     0 | D:1      | qw the Gargoyle Hunter began the quest for the Orb.
     0 | D:1      | Reached XP level 1. HP: 12/12 MP: 1/1
     0 | D:1      | 0 ||| qw: Version: 0.3-a-75-g829b12e
     0 | D:1      | 0 ||| qw: Game counter: 108
     0 | D:1      | 0 ||| qw: Melee chars always use a shield: true
     0 | D:1      | 0 ||| qw: God list: Okawaru
     0 | D:1      | 0 ||| qw: Allow faded altars: false
     0 | D:1      | 0 ||| qw: Do Orc after clearing Dungeon:15 true
     0 | D:1      | 0 ||| qw: Do second Lair branch before Depths: true
     0 | D:1      | 0 ||| qw: Lair rune preference: random
     0 | D:1      | 0 ||| qw: Goals: Normal
     0 | D:1      | 0 ||| PLANNING D:1-11
   101 | D:1      | Reached XP level 2. HP: 17/17 MP: 2/2
   272 | D:1      | Reached XP level 3. HP: 16/21 MP: 3/3
   497 | D:1      | Reached skill level 5 in Ranged Weapons
   693 | D:1      | 693 ||| UPGRADING to +0 pair of boots.
   698 | D:1      | 698 ||| READING scroll labelled PUPSUE ZYUSM.
   699 | D:1      | 699 ||| READING 2 scrolls labelled GEOKKEK MOUKUDGH.
   700 | D:1      | 700 ||| READING scroll labelled WIJISI KUDEINT.
   715 | D:1      | 715 ||| READING scroll labelled QOXZUO AKEABRA.
   716 | D:1      | 716 ||| DRINKING 2 red potions.
   717 | D:1      | 717 ||| DROPPING scroll of butterflies.
   718 | D:1      | 718 ||| DROPPING scroll of fear.
   875 | D:2      | Noticed Terence
   882 | D:2      | HP: 5/22 [Terence/+0 flail (8)]
   887 | D:2      | Slain by Terence

Levels and vault maps discovered:
D:1:      onia_arrival_mini_spirals, layout_basic
D:2:      layout_basic, hangedman_decor_slide_cut, uniq_terence

Skill      XL: |  1  2  3 |
---------------+----------+-----
Ranged Weapons | 5 |  5.0
Fighting       | |  2.8
Dodging        | |  1.5
Stealth        | |  1.1

Action                     || total
---------------------------++-------
   Fire: Shortbow          ||   102
    Use: Scroll            ||     4
         Potion            ||     1
 Armour: Leather armour    ||    19
  Dodge: Dodged            ||    18

Table legend:
 A = Non-vault XP
 B = Vault XP
 C = Vault XP percentage of total XP
 D = Non-vault monster count
 E = Vault monster count
 F = Vault count percentage of total count
                 A         B        C        D         E       F
            +---------+---------+-------+---------+---------+-------
      Total |      65 |       0 |   0.0 |      40 |       0 |   0.0
            +---------+---------+-------+---------+---------+-------
        D:1 |      49 |       0 |   0.0 |      30 |       0 |   0.0
        D:2 |      16 |       0 |   0.0 |      10 |       0 |   0.0
            +---------+---------+-------+---------+---------+-------
